 Dungeon Crawl Stone Soup version 0.25.0-26-g0c896c7088 (webtiles) character file.

Game seed: 16194213791696473977

284 funkygono the Shield-Bearer (level 6, -4/55 HPs)
             Began as a Minotaur Fighter on July 5, 2020.
             Slain by a sky beast (6 damage)
             ... on level 3 of the Dungeon.
             The game lasted 00:04:08 (1427 turns).

funkygono the Shield-Bearer (Minotaur Fighter)      Turns: 1427, Time: 00:04:10

Health: -4/55      AC: 12    Str: 23    XL:     6   Next: 7%
Magic:  5/5        EV:  6    Int:  5    God:
Gold:   78         SH: 10    Dex:  9    Spells: 5/5 levels left

rFire    . . .     SeeInvis .   a - +0 flail
rCold    + . .     Gourm    .   c - +0 kite shield
rNeg     . . .     Faith    .   k - +3 chain mail {rC+}
rPois    .         Spirit   .   (helmet restricted)
rElec    .         Reflect  .   (no cloak)
rCorr    .         Harm     .   (no gloves)
MR       .....                  (no boots)
Stlth    ..........             (no amulet)
HPRegen  0.18/turn              (no ring)
MPRegen  0.09/turn              (no ring)

@: no status effects
A: retaliatory headbutt, horns 2
a: no special abilities


You were on level 3 of the Dungeon.
You were not hungry.

You visited 1 branch of the dungeon, and saw 3 of its levels.

You collected 78 gold pieces.

Inventory:

Hand Weapons
 a - a +0 flail (weapon)
Missiles
 g - 133 stones (quivered)
 h - 32 arrows
 j - 17 sling bullets
 m - 14 bolts
Armour
 c - a +0 kite shield (worn)
 k - a +3 chain mail of cold resistance (worn)
Wands
 n - a wand of iceblast (4)
Scrolls
 e - a scroll of magic mapping {unknown}
 l - 4 scrolls of fear
 q - 2 scrolls of amnesia
 r - 3 scrolls of remove curse
Potions
 b - a potion of haste
 d - a potion of might
 i - a potion of magic
 p - a potion of degeneration {unknown}
Comestibles
 f - 8 rations
 o - 4 chunks of flesh


   Skills:
 + Level 4.9 Fighting
 + Level 4.5 Maces & Flails
 + Level 4.7 Armour
 + Level 1.1 Dodging
 + Level 1.1 Stealth
 + Level 5.0 Shields


You had 5 spell levels left.
You didn't know any spells.
Your spell library was empty.

Dungeon Overview and Level Annotations

Branches:
Dungeon (3/15)

Altars:
Trog
Yredelemnul


Innate Abilities, Weirdness & Mutations

You reflexively headbutt those who attack you in melee.
You have a pair of horns on your head.


Message History

You sock something! Something hits you but does no damage.
You miss something. Your headbutt misses something.
A sky beast appears from thin air!
Reactivating autopickup.
You block the sky beast's attack.
You hit the sky beast. Your headbutt misses the sky beast.
The sky beast is almost dead.
The sky beast hits you but does no damage.
You block the sky beast's attack.
You closely miss the sky beast.
The sky beast is almost dead.
The sky beast hits you but does no damage.
You closely miss the sky beast. Your headbutt misses the sky beast.
The sky beast is almost dead.
The sky beast flickers out of sight!
Deactivating autopickup; reactivate with Ctrl-A.
Something hits you.
* * * LOW HITPOINT WARNING * * *
Something shocks you.
You die...

... ..# ########.#
###......).#
#########.........#
#......)..#.......#
#.############....#
#.# ##...## ..#
#().@# .####
#(##.{...... ..<.#
#(##.#...... ..#.#
#.##.####### .....#
#.##.. .#.#...#
#.###. .#.# #.. #.#
.# .#.# . ... ..
.... .$.


There were no monsters in sight!

Vanquished Creatures
  An ice beast (D:2)
  An ogre (D:3)
  3 adders
  3 gnolls (D:3)
  2 oozes
  A worm (D:3)
  A dart slug (D:1)
  2 giant cockroaches (D:1)
  7 goblins
  5 hobgoblins
  5 jackals
  3 bats
  A frilled lizard (D:3)
  9 kobolds
  5 rats
49 creatures vanquished.

Notes
Turn   | Place    | Note
-------+----------+-------------------------------------------
     0 | D:1      | funkygono the Minotaur Fighter began the quest for the Orb.
     0 | D:1      | Reached XP level 1. HP: 19/19 MP: 0/0
   221 | D:1      | Reached XP level 2. HP: 26/27 MP: 1/1
   426 | D:1      | Reached XP level 3. HP: 33/33 MP: 2/2
   559 | D:2      | Found a bloodstained altar of Trog.
   792 | D:2      | Found a basalt altar of Yredelemnul.
   850 | D:2      | Noticed an ice beast
   869 | D:2      | Killed an ice beast
   869 | D:2      | Reached skill level 4 in Shields
   869 | D:2      | Reached XP level 4. HP: 41/41 MP: 3/3
   931 | D:2      | Reached XP level 5. HP: 47/47 MP: 4/4
  1343 | D:3      | Reached skill level 1 in Dodging
  1405 | D:3      | Noticed an ogre
  1413 | D:3      | Killed an ogre
  1413 | D:3      | Reached skill level 1 in Stealth
  1413 | D:3      | Reached skill level 5 in Shields
  1413 | D:3      | Reached XP level 6. HP: 14/55 MP: 5/5
  1413 | D:3      | Noticed a sky beast
  1427 | D:3      | HP: 2/55 [something (4)]
  1427 | D:3      | Slain by a sky beast

Illustrated notes

Levels and vault maps discovered:
D:1:      dpeg_arrival_orchard, layout_rooms
D:2:      layout_loops_ring, nicolae_overflow_hidden_temple, minivault_4,
          trog_three_pillars_becter
D:3:      layout_rooms, minmay_divided_ellipse

Skill      XL: |  1  2  3  4  5 |
---------------+----------------+-----
Fighting       | 4 |  4.9
Armour         | 4 |  4.7
Maces & Flails | 3 4 |  4.5
Shields        | 4 5 |  5.0
Dodging        | 1 |  1.1
Stealth        | 1 |  1.1

Action                   |  1- 3 |  4- 6 || total
-------------------------+-------+-------++-------
Melee: Flail             |    92 |    85 ||   177
       Headbutt          |    12 |    15 ||    27
  Use: Scroll            |     5 |     3 ||     8
  Eat: Chunk             |       |     2 ||     2
Armor: Scale mail        |    19 |       ||    19
       Chain mail        |    59 |    44 ||   103
Dodge: Dodged            |    38 |    29 ||    67
Block: Kite shield       |    55 |    38 ||    93
